Carnivores vs Ice Dragons
Created - April 11, 2018 at 19:02
Goals
|
| Carnivores |
1 |
2 |
1 |
4 |
| Ice Dragons |
1 |
0 |
2 |
3 |
|
Shots
|
| Carnivores |
13 |
11 |
14 |
38 |
| Ice Dragons |
12 |
4 |
9 |
25 |
|
1st period
1. Ice Dragons , Petr Vrana 34 (Ryan Reaves 14, Troy Brouwer 35) at 3:11
2. Carnivores , Markus Granlund 14 (Nikita Alexeev 14, Blake Geoffrion 55) at 19:24
Penalties :
Brendon Nash (Kin) for Fighting (Major) at 3:14, Ryan Murray (Bre) for Fighting (Major) at 3:14, Nate Schmidt (Bre) for Roughing (Minor) at 9:56, Brendon Nash (Kin) for Roughing (Minor) at 19:27
2nd period
3. Carnivores , Markus Granlund 15 (Blake Geoffrion 56, Nate Schmidt 18) at 0:39 (PP)
4. Carnivores , Jeremy Welsh 19 (Jeremy Williams 16, Zack Smith 21) at 10:04
Penalties :
Adam Larsson (Kin) for Hooking (Minor) at 4:41, Scott Laughton (Bre) for High sticking (Minor) at 6:54, Justin Faulk (Kin) for Hooking (Minor) at 10:07, Tomas Kudelka (Kin) for Hooking (Minor) at 12:33
3rd period
5. Carnivores , Anton Gustafsson 27 (Brendan Gallagher 45, Steve Begin 22) at 0:12
6. Ice Dragons , Troy Brouwer 48 (Curtis Glencross 53, Brendon Nash 42) at 2:00
7. Ice Dragons , Troy Brouwer 49 (Justin Faulk 38, Curtis Glencross 54) at 5:42
Penalties :
Curtis Glencross (Kin) for Fighting (Major) at 7:17, Jeremy Williams (Bre) for Fighting (Major) at 7:17, Brendan Gallagher (Bre) for Hooking (Minor) at 8:48, Troy Brouwer (Kin) for Slashing (Minor) at 14:46
Goalie Stats
Mike McKenna (Bre), 22 saves from 25 shots - (0.880), W, 17-10-4, 60:00 minutes
Anders Nilsson (Kin), 34 saves from 38 shots - (0.895), L, 29-29-5, 58:53 minutes
Players Stats for Carnivores
Player Name G A P +/- PIM S H SB GA TA FO MP PP MP PK MP
------------------------------------------------------------------------------------
Adam Pelech 0 0 0 -1 0 0 1 0 0 0 0/0 7:12 0:00 0:00
Anton Gustafsson 1 0 1 -1 0 4 0 0 0 1 16/29 22:06 4:14 1:04
Blake Geoffrion 0 2 2 1 0 5 1 0 0 0 1/1 18:43 4:09 1:54
Brendan Gallagher 0 1 1 -1 2 5 2 1 1 1 1/3 21:44 4:01 1:47
Colton Orr 0 0 0 -1 0 4 1 0 1 0 0/0 9:06 0:48 0:00
David Schlemko 0 0 0 0 0 0 0 1 0 0 0/0 2:06 0:08 0:32
Jeremy Welsh 1 0 1 1 0 1 1 0 0 0 1/1 10:10 0:54 0:11
Jeremy Williams 0 1 1 1 5 0 0 1 0 0 0/0 10:11 0:00 1:10
Joe Corvo 0 0 0 1 0 0 0 0 0 1 0/0 26:09 5:32 3:00
Josh Manson 0 0 0 0 0 0 1 0 0 0 0/0 11:26 0:55 0:43
Markus Granlund 2 0 2 1 0 2 2 0 0 0 7/11 15:10 4:07 0:23
Mat Clark 0 0 0 0 0 1 0 2 1 1 0/0 17:43 2:41 0:00
Nate Schmidt 0 1 1 1 2 1 2 3 0 2 0/0 25:49 5:32 2:16
Nicolas Kerdiles 0 0 0 -1 0 1 1 0 0 0 0/0 10:33 0:16 1:48
Nikita Alexeev 0 1 1 1 0 2 0 1 0 0 0/0 14:46 4:09 0:00
Ryan Murray 0 0 0 0 5 0 0 1 0 0 0/0 1:41 0:00 0:43
Sasha Pokulok 0 0 0 0 0 1 1 0 1 1 0/0 17:10 3:28 2:25
Scott Laughton 0 0 0 -1 2 1 1 0 0 0 2/3 10:33 0:47 0:50
Steve Begin 0 1 1 -1 0 5 1 3 1 0 5/6 21:51 3:59 2:47
T.J Brodie 0 0 0 -1 0 0 0 1 0 1 0/0 11:16 0:00 2:15
Zack Smith 0 1 1 1 0 5 0 0 0 0 5/6 8:32 0:00 0:00
Players Stats for Ice Dragons
Player Name G A P +/- PIM S H SB GA TA FO MP PP MP PK MP
------------------------------------------------------------------------------------
Adam Larsson 0 0 0 -1 2 1 2 1 1 0 0/0 25:26 3:14 4:13
Brandon Kozun 0 0 0 0 0 2 0 0 0 0 0/1 13:35 0:15 1:10
Brayden McNabb 0 0 0 0 0 0 0 3 2 0 0/0 13:10 0:00 2:42
Brendon Nash 0 1 1 -1 7 2 1 0 0 3 0/0 23:35 3:14 4:29
Chris Wagner 0 0 0 0 0 0 0 0 0 0 0/0 3:28 0:50 0:00
Christian Djoos 0 0 0 0 0 0 0 0 0 0 0/0 2:06 0:00 0:00
Curtis Glencross 0 2 2 1 5 2 0 1 2 0 5/11 20:43 2:04 5:09
Joe Callahan 0 0 0 0 0 1 2 1 0 0 0/0 18:08 2:43 3:41
Justin Faulk 0 1 1 0 2 2 2 0 0 0 0/0 17:15 2:43 2:49
Justin Shugg 0 0 0 -1 0 0 1 0 1 0 0/0 7:08 0:00 0:00
Kevin Connauton 0 0 0 0 0 1 1 1 1 0 0/0 10:55 0:00 0:22
Logan MacMillan 0 0 0 0 0 1 0 0 0 0 0/0 12:42 0:35 0:06
Michael Chaput 0 0 0 0 0 0 1 0 1 0 2/9 13:48 2:36 0:15
Michael Ferland 0 0 0 -1 0 1 0 0 0 0 0/0 8:47 0:07 1:47
Petr Vrana 1 0 1 0 0 5 1 0 0 0 0/0 16:22 2:36 2:53
Ryan Reaves 0 1 1 0 0 1 1 0 0 0 0/0 13:39 2:36 0:00
Sam Carrick 0 0 0 0 0 0 0 1 0 0 0/2 10:48 0:00 0:00
Samuel Groulx 0 0 0 1 0 0 1 0 0 1 0/0 4:43 0:00 0:00
Theodor Blueger 0 0 0 -1 0 1 0 0 0 0 0/3 7:49 0:00 0:47
Tomas Kudelka 0 0 0 1 2 0 0 0 0 0 0/0 4:51 0:00 0:00
Troy Brouwer 2 1 3 1 2 4 4 0 0 0 2/3 21:54 3:06 4:08
Tyler Haskins 0 0 0 1 0 1 2 0 0 1 13/31 19:53 3:06 2:01
3 Stars
1 - Troy Brouwer (Kin)
2 - Markus Granlund (Bre)
3 - Jeremy Welsh (Bre)
Power Play
Carnivores - 1 on 5 Attempt(s) - 20.00%
Ice Dragons - 0 on 4 Attempt(s) - 0.00%
Penalty Kill
Carnivores - 4 on 4 Attempt(s) - 100.00%
- Score 0 goal in Penalty Kill
Ice Dragons - 4 on 5 Attempt(s) - 80.00%
- Score 0 goal in Penalty Kill
Team Stat
Carnivores - Hits : 15 - Faceoff Wins : 38 - Blocked Shots : 14 - Penalty Minutes : 16
Ice Dragons - Hits : 19 - Faceoff Wins : 22 - Blocked Shots : 8 - Penalty Minutes : 20
Official
Referees : Walsh Ian and Kowal Tom
Linesman : Scott Cherrey and Brad Lazarowich
Game Notes
Brendon Nash and Ryan Murray fight to a draw at 3:14 of 1st period
Ryan Murray is injured at 12:46 of 1st period (Sore Right Knee)
16:49 of 2nd period - Penalty Shot by Anton Gustafsson for Carnivores - Stopped by Anders Nilsson
Curtis Glencross beats up Jeremy Williams at 7:17 of 3rd period
Finance
Level 1 -- Attendance: 1354 (67.70%) -- Ticket Income $54,160
Level 2 -- Attendance: 775 (77.50%) -- Ticket Income $15,500
Total Attendance: 2129 (70.97%)
Total Ticket Income: $69,660
Other Income: $3,483
Total Income: $73,143
Carnivores
5 vs 5 Forward
Center Left Wing Right Wing Time % Phy DF OF
1 Anton Gustafsson Steve Begin Brendan Gallagher 40 1 2 2
2 Markus Granlund Blake Geoffrion Nikita Alexeev 30 1 2 2
3 Zack Smith Jeremy Welsh Jeremy Williams 20 1 2 2
4 Scott Laughton Nicolas Kerdiles Colton Orr 10 1 2 2
5 vs 5 Defense
Defense Defense Time % Phy DF OF
1 Joe Corvo Nate Schmidt 40 1 2 2
2 Ryan Murray Sasha Pokulok 30 1 2 2
3 Mat Clark Josh Manson 20 1 2 2
4 T.J Brodie Adam Pelech 10 1 2 2
PowerPlay Forward
Center Left Wing Right Wing Time % Phy DF OF
1 Anton Gustafsson Steve Begin Brendan Gallagher 60 1 2 2
2 Markus Granlund Blake Geoffrion Nikita Alexeev 40 1 2 2
PowerPlay Defense
Defense Defense Time % Phy DF OF
1 Joe Corvo Nate Schmidt 60 1 2 2
2 Ryan Murray Sasha Pokulok 40 1 2 2
Penalty Kill 4 Players Forward
Center Wing Time % Phy DF OF
1 Steve Begin Brendan Gallagher 60 1 2 2
2 Anton Gustafsson Blake Geoffrion 40 1 2 2
Penalty Kill 4 Players Defense
Defense Defense Time % Phy DF OF
1 Joe Corvo Nate Schmidt 60 1 2 2
2 Ryan Murray Sasha Pokulok 40 1 2 2
Penalty Kill - 3 Players Forward
Forward Time % Phy DF OF
1 Steve Begin 60 1 2 2
2 Nikita Alexeev 40 1 2 2
Penalty Kill - 3 Players Defense
Defense Defense Time % Phy DF OF
1 Joe Corvo Nate Schmidt 60 1 2 2
2 Ryan Murray Sasha Pokulok 40 1 2 2
4 vs 4 Forward
Center Wing Time % Phy DF OF
1 Steve Begin Nikita Alexeev 60 1 2 2
2 Jeremy Williams Blake Geoffrion 40 1 2 2
4 vs 4 Defense
Defense Defense Time % Phy DF OF
1 Joe Corvo Nate Schmidt 60 1 2 2
2 Ryan Murray Sasha Pokulok 40 1 2 2
Last Minutes Offensive
Center Left Wing Right Wing Defense Defense
Anton Gustafsson Steve Begin Brendan Gallagher Joe Corvo Nate Schmidt
Last Minutes Defensive
Center Left Wing Right Wing Defense Defense
Anton Gustafsson Steve Begin Brendan Gallagher Joe Corvo Nate Schmidt
Goaltenders
Starting : Mike McKenna
Backup : Antti Raanta
Extra Forwards
Normal : Scott Laughton, Jeremy Welsh, Jeremy Williams - PP : Jeremy Welsh, Scott Laughton - PK : Jeremy Williams
Extra Defensemen
Normal : Mat Clark, T.J Brodie, Josh Manson - PP : Mat Clark - PK : T.J Brodie, Josh Manson
Penalty Shots
Steve Begin, Nikita Alexeev, Brendan Gallagher, Blake Geoffrion, Jeremy Welsh
Scratches
Mattias Backman (Healthy), Adam Almquist (Healthy), Stanislav Galiev (Healthy), Mark MacMillan (Healthy), Tyler Graovac (Healthy)
Patrick McNeill (Healthy), Troy Bourke (Healthy), Alexandre Mallet (Healthy), Michael Schumacher (Healthy), Daniel Altshuller (Healthy)
Ice Dragons
5 vs 5 Forward
Center Left Wing Right Wing Time % Phy DF OF
1 Tyler Haskins Curtis Glencross Troy Brouwer 40 1 2 2
2 Michael Chaput Petr Vrana Ryan Reaves 30 1 2 2
3 Sam Carrick Logan MacMillan Brandon Kozun 20 1 2 2
4 Theodor Blueger Michael Ferland Justin Shugg 10 1 2 2
5 vs 5 Defense
Defense Defense Time % Phy DF OF
1 Brendon Nash Adam Larsson 40 1 2 2
2 Joe Callahan Justin Faulk 30 1 2 2
3 Brayden McNabb Kevin Connauton 20 1 2 2
4 Tomas Kudelka Samuel Groulx 10 1 2 2
PowerPlay Forward
Center Left Wing Right Wing Time % Phy DF OF
1 Tyler Haskins Curtis Glencross Troy Brouwer 60 1 2 2
2 Michael Chaput Petr Vrana Ryan Reaves 40 1 2 2
PowerPlay Defense
Defense Defense Time % Phy DF OF
1 Brendon Nash Adam Larsson 60 1 2 2
2 Joe Callahan Justin Faulk 40 1 2 2
Penalty Kill 4 Players Forward
Center Wing Time % Phy DF OF
1 Curtis Glencross Troy Brouwer 60 1 2 2
2 Tyler Haskins Petr Vrana 40 1 2 2
Penalty Kill 4 Players Defense
Defense Defense Time % Phy DF OF
1 Brendon Nash Adam Larsson 60 1 2 2
2 Joe Callahan Justin Faulk 40 1 2 2
Penalty Kill - 3 Players Forward
Forward Time % Phy DF OF
1 Curtis Glencross 60 1 2 2
2 Troy Brouwer 40 1 2 2
Penalty Kill - 3 Players Defense
Defense Defense Time % Phy DF OF
1 Brendon Nash Adam Larsson 60 1 2 2
2 Joe Callahan Justin Faulk 40 1 2 2
4 vs 4 Forward
Center Wing Time % Phy DF OF
1 Curtis Glencross Troy Brouwer 60 1 2 2
2 Tyler Haskins Petr Vrana 40 1 2 2
4 vs 4 Defense
Defense Defense Time % Phy DF OF
1 Brendon Nash Adam Larsson 60 1 2 2
2 Joe Callahan Justin Faulk 40 1 2 2
Last Minutes Offensive
Center Left Wing Right Wing Defense Defense
Tyler Haskins Curtis Glencross Troy Brouwer Brendon Nash Adam Larsson
Last Minutes Defensive
Center Left Wing Right Wing Defense Defense
Tyler Haskins Curtis Glencross Troy Brouwer Brendon Nash Adam Larsson
Goaltenders
Starting : Anders Nilsson
Backup : Harru Sateri
Extra Forwards
Normal : Chris Wagner, Logan MacMillan, Brandon Kozun - PP : Chris Wagner, Logan MacMillan - PK : Brandon Kozun
Extra Defensemen
Normal : Christian Djoos, Brayden McNabb, Kevin Connauton - PP : Christian Djoos - PK : Brayden McNabb, Kevin Connauton
Penalty Shots
Curtis Glencross, Troy Brouwer, Tyler Haskins, Petr Vrana, Ryan Reaves
Scratches
Michael Latta (Bruised Left Leg Injury), Oscar Dansk (Healthy)
% Time on Ice - Carnivores
Lines # - Real PCT - Wanted PCT - Time Play
Normal Forward
1 - 35% - 40% - 15:12
2 - 29% - 30% - 12:52
3 - 19% - 20% - 8:29
4 - 16% - 10% - 7:12
Normal Defense
1 - 39% - 40% - 17:04
2 - 27% - 30% - 11:44
3 - 18% - 20% - 7:45
4 - 16% - 10% - 7:12
PP Forward
1 - 49% - 60% - 4:26
2 - 51% - 40% - 4:42
PP Defense
1 - 61% - 60% - 5:32
2 - 39% - 40% - 3:36
PK Forward
1 - 82% - 60% - 4:53
2 - 18% - 40% - 1:04
PK Defense
1 - 59% - 60% - 3:32
2 - 41% - 40% - 2:25
PK3 Forward
1 - 0% - 60%
2 - 0% - 40%
PK3 Defense
1 - 0% - 60%
2 - 0% - 40%
44 Forward
1 - 0% - 60%
2 - 0% - 40%
44 Defense
1 - 0% - 60%
2 - 0% - 40%
Last Minute Offensive - 0:00
Last Minute Defensive - 1:10
Total
Forward - 60:00
Defense - 60:00
|
% Time on Ice - Ice Dragons
Lines # - Real PCT - Wanted PCT - Time Play
Normal Forward
1 - 33% - 40% - 14:23
2 - 27% - 30% - 11:40
3 - 25% - 20% - 10:48
4 - 16% - 10% - 6:53
Normal Defense
1 - 39% - 40% - 16:56
2 - 27% - 30% - 11:44
3 - 24% - 20% - 10:21
4 - 11% - 10% - 4:43
PP Forward
1 - 56% - 60% - 3:21
2 - 44% - 40% - 2:36
PP Defense
1 - 54% - 60% - 3:14
2 - 46% - 40% - 2:43
PK Forward
1 - 78% - 60% - 7:07
2 - 22% - 40% - 2:01
PK Defense
1 - 60% - 60% - 5:27
2 - 40% - 40% - 3:41
PK3 Forward
1 - 0% - 60%
2 - 0% - 40%
PK3 Defense
1 - 0% - 60%
2 - 0% - 40%
44 Forward
1 - 0% - 60%
2 - 0% - 40%
44 Defense
1 - 0% - 60%
2 - 0% - 40%
Last Minute Offensive - 1:11
Last Minute Defensive - 0:00
Total
Forward - 60:00
Defense - 60:00
|
Play by Play
1st period
0:01 of 1st period - Anton Gustafsson wins face-off versus Tyler Haskins in neutral zone.
0:04 of 1st period - Troy Brouwer is hit by Steve Begin and loses puck.
0:10 of 1st period - Off-side.
0:11 of 1st period - Markus Granlund wins face-off versus Michael Chaput in neutral zone.
0:22 of 1st period - Wrist shot by Petr Vrana.
0:22 of 1st period - Shot Misses the Net.
0:24 of 1st period - Slapshot by Justin Faulk.
0:24 of 1st period - Stopped by Mike McKenna with a rebound.
0:26 of 1st period - Slapshot by Justin Faulk.
0:26 of 1st period - Stopped by Mike McKenna with a rebound.
0:59 of 1st period - Josh Manson is hit by Troy Brouwer and loses puck.
1:18 of 1st period - Kevin Connauton is hit by Colton Orr and loses puck.
2:21 of 1st period - Slapshot by Joe Corvo.
2:21 of 1st period - Shot Misses the Net.
2:40 of 1st period - Off-side.
2:41 of 1st period - Tyler Haskins wins face-off versus Zack Smith in neutral zone.
3:11 of 1st period - Slapshot by Petr Vrana.
3:11 of 1st period - Goal by Petr Vrana - Carnivores : 0 - Ice Dragons : 1.
3:12 of 1st period - Anton Gustafsson wins face-off versus Tyler Haskins in neutral zone.
3:14 of 1st period - Brendon Nash and Ryan Murray fight to a draw.
3:14 of 1st period - Penalty to Brendon Nash for Fighting.
3:14 of 1st period - Penalty to Ryan Murray for Fighting.
3:15 of 1st period - Blake Geoffrion wins face-off versus Michael Chaput in neutral zone.
4:09 of 1st period - Adam Larsson is hit by Scott Laughton and loses puck.
4:30 of 1st period - Wrist shot by Theodor Blueger.
4:30 of 1st period - Stopped by Mike McKenna with a rebound.
4:32 of 1st period - Snap shot by Theodor Blueger.
4:32 of 1st period - Shot Blocked by Jeremy Williams.
4:44 of 1st period - Snap shot by Blake Geoffrion.
4:44 of 1st period - Shot Blocked by Joe Callahan.
4:46 of 1st period - Wrist shot by Blake Geoffrion.
4:46 of 1st period - Shot Misses the Net.
4:48 of 1st period - Slapshot by Mat Clark.
4:48 of 1st period - Stopped by Anders Nilsson with a rebound.
4:50 of 1st period - Wrist shot by Markus Granlund.
4:50 of 1st period - Shot Misses the Net.
4:52 of 1st period - Snap shot by Markus Granlund.
4:52 of 1st period - Shot Misses the Net.
5:10 of 1st period - Wrist shot by Troy Brouwer.
5:10 of 1st period - Shot Blocked by T.J Brodie.
5:19 of 1st period - Icing by Steve Begin.
5:20 of 1st period - Scott Laughton wins face-off versus Sam Carrick in Carnivores zone.
5:50 of 1st period - Snap shot by Curtis Glencross.
5:50 of 1st period - Shot Blocked by Steve Begin.
5:52 of 1st period - Slapshot by Brayden McNabb.
5:52 of 1st period - Shot Blocked by Nate Schmidt.
5:54 of 1st period - Snap shot by Brayden McNabb.
5:54 of 1st period - Shot Blocked by Nate Schmidt.
5:56 of 1st period - Slapshot by Kevin Connauton.
5:56 of 1st period - Stopped by Mike McKenna without a rebound.
5:57 of 1st period - Michael Chaput wins face-off versus Markus Granlund in Carnivores zone.
5:58 of 1st period - Wrist shot by Petr Vrana.
5:58 of 1st period - Deflect By Ryan Reaves.
5:58 of 1st period - Stopped by Mike McKenna with a rebound.
6:12 of 1st period - Snap shot by Petr Vrana.
6:12 of 1st period - Stopped by Mike McKenna without a rebound.
6:13 of 1st period - Anton Gustafsson wins face-off versus Tyler Haskins in Carnivores zone.
6:17 of 1st period - Icing by Steve Begin.
6:18 of 1st period - Anton Gustafsson wins face-off versus Tyler Haskins in Carnivores zone.
6:31 of 1st period - Slapshot by Steve Begin.
6:31 of 1st period - Stopped by Anders Nilsson with a rebound.
6:45 of 1st period - Wrist shot by Nikita Alexeev.
6:45 of 1st period - Stopped by Anders Nilsson with a rebound.
6:53 of 1st period - Joe Corvo is hit by Adam Larsson and loses puck.
7:06 of 1st period - Justin Faulk is hit by Jeremy Welsh and loses puck.
7:58 of 1st period - Wrist shot by Tyler Haskins.
7:58 of 1st period - Stopped by Mike McKenna with a rebound.
8:50 of 1st period - Adam Larsson is hit by Nicolas Kerdiles and loses puck.
8:57 of 1st period - Snap shot by Nicolas Kerdiles.
8:57 of 1st period - Stopped by Anders Nilsson with a rebound.
9:27 of 1st period - Anton Gustafsson is hit by Troy Brouwer.
9:56 of 1st period - Minor Penalty to Nate Schmidt for Roughing.
9:57 of 1st period - Steve Begin wins face-off versus Troy Brouwer in Carnivores zone.
11:24 of 1st period - Wrist shot by Anton Gustafsson.
11:24 of 1st period - Shot Misses the Net.
11:56 of 1st period - Penalty to Nate Schmidt is over, Nate Schmidt is back on ice.
12:28 of 1st period - Slapshot by Tomas Kudelka.
12:28 of 1st period - Deflect By Logan MacMillan.
12:28 of 1st period - Stopped by Mike McKenna with a rebound.
12:30 of 1st period - Wrist shot by Tomas Kudelka.
12:30 of 1st period - Shot Blocked by David Schlemko.
12:32 of 1st period - Slapshot by Tomas Kudelka.
12:32 of 1st period - Deflect By Sam Carrick.
12:32 of 1st period - Shot Misses the Net.
12:32 of 1st period - Puck is out of play.
12:33 of 1st period - Anton Gustafsson wins face-off versus Brandon Kozun in Carnivores zone.
12:44 of 1st period - Slapshot by Brandon Kozun.
12:44 of 1st period - Stopped by Mike McKenna with a rebound.
12:46 of 1st period - Snap shot by Logan MacMillan.
12:46 of 1st period - Shot Blocked by Ryan Murray.
12:46 of 1st period - Ryan Murray from Carnivores is injured at 12:46 of 1st period (Sore Right Knee).
12:47 of 1st period - Brendan Gallagher wins face-off versus Tyler Haskins in Carnivores zone.
13:33 of 1st period - Slapshot by Brendon Nash.
13:33 of 1st period - Deflect By T.J Brodie.
13:33 of 1st period - Stopped by Mike McKenna without a rebound.
13:34 of 1st period - Zack Smith wins face-off versus Sam Carrick in Carnivores zone.
13:44 of 1st period - Wrist shot by Zack Smith.
13:44 of 1st period - Stopped by Anders Nilsson without a rebound.
13:45 of 1st period - Tyler Haskins wins face-off versus Anton Gustafsson in Ice Dragons zone.
15:05 of 1st period - Snap shot by Zack Smith.
15:05 of 1st period - Stopped by Anders Nilsson with a rebound.
15:14 of 1st period - Icing by Mat Clark.
15:15 of 1st period - Tyler Haskins wins face-off versus Anton Gustafsson in Carnivores zone.
16:08 of 1st period - Wrist shot by Jeremy Welsh.
16:08 of 1st period - Shot Misses the Net.
16:33 of 1st period - Colton Orr is hit by Justin Shugg and loses puck.
16:48 of 1st period - Snap shot by Anton Gustafsson.
16:48 of 1st period - Shot Blocked by Brayden McNabb.
16:50 of 1st period - Wrist shot by Steve Begin.
16:50 of 1st period - Stopped by Anders Nilsson with a rebound.
16:52 of 1st period - Slapshot by Brendan Gallagher.
16:52 of 1st period - Shot Blocked by Curtis Glencross.
16:54 of 1st period - Snap shot by Brendan Gallagher.
16:54 of 1st period - Stopped by Anders Nilsson without a rebound.
16:55 of 1st period - Markus Granlund wins face-off versus Michael Chaput in Ice Dragons zone.
17:06 of 1st period - Wrist shot by Blake Geoffrion.
17:06 of 1st period - Deflect By Petr Vrana.
17:06 of 1st period - Shot Misses the Net.
17:06 of 1st period - Puck is out of play.
17:07 of 1st period - Steve Begin wins face-off versus Tyler Haskins in Ice Dragons zone.
17:10 of 1st period - Snap shot by Brendan Gallagher.
17:10 of 1st period - Stopped by Anders Nilsson without a rebound.
17:11 of 1st period - Tyler Haskins wins face-off versus Anton Gustafsson in Ice Dragons zone.
17:20 of 1st period - Snap shot by Brendon Nash.
17:20 of 1st period - Shot Blocked by Steve Begin.
17:22 of 1st period - Snap shot by Tyler Haskins.
17:22 of 1st period - Shot Blocked by Brendan Gallagher.
17:24 of 1st period - Backhand shot by Tyler Haskins.
17:24 of 1st period - Shot Misses the Net.
17:26 of 1st period - Backhand shot by Curtis Glencross.
17:26 of 1st period - Stopped by Mike McKenna with a rebound.
17:43 of 1st period - Snap shot by Petr Vrana.
17:43 of 1st period - Shot Misses the Net.
18:40 of 1st period - Kevin Connauton is hit by Nate Schmidt and loses puck.
18:55 of 1st period - Snap shot by Curtis Glencross.
18:55 of 1st period - Deflect By Nikita Alexeev.
18:55 of 1st period - Shot Blocked by Nikita Alexeev.
18:55 of 1st period - Puck is out of play.
18:56 of 1st period - Markus Granlund wins face-off versus Michael Chaput in Carnivores zone.
19:01 of 1st period - Snap shot by Petr Vrana.
19:01 of 1st period - Shot Misses the Net.
19:22 of 1st period - Wrist shot by Nikita Alexeev.
19:22 of 1st period - Stopped by Anders Nilsson with a rebound.
19:24 of 1st period - Snap shot by Markus Granlund.
19:24 of 1st period - Goal by Markus Granlund - Carnivores : 1 - Ice Dragons : 1.
19:25 of 1st period - Tyler Haskins wins face-off versus Brendan Gallagher in neutral zone.
19:27 of 1st period - Minor Penalty to Brendon Nash for Roughing.
19:28 of 1st period - Steve Begin wins face-off versus Curtis Glencross in Ice Dragons zone.
19:44 of 1st period - Slapshot by Anton Gustafsson.
19:44 of 1st period - Stopped by Anders Nilsson without a rebound.
19:45 of 1st period - Troy Brouwer wins face-off versus Markus Granlund in Ice Dragons zone.
19:56 of 1st period - Wrist shot by Blake Geoffrion.
19:56 of 1st period - Stopped by Anders Nilsson without a rebound.
19:57 of 1st period - Anton Gustafsson wins face-off versus Curtis Glencross in Ice Dragons zone.
Goals for this period are 1 for Carnivores vs 1 for Ice Dragons.
Shots for this period are 13 for Carnivores vs 12 for Ice Dragons.
2nd period
0:01 of 2nd period - Troy Brouwer wins face-off versus Anton Gustafsson in neutral zone.
0:39 of 2nd period - Snap shot by Blake Geoffrion.
0:39 of 2nd period - Deflect By Markus Granlund.
0:39 of 2nd period - Goal by Markus Granlund - Carnivores : 2 - Ice Dragons : 1.
0:40 of 2nd period - Tyler Haskins wins face-off versus Anton Gustafsson in neutral zone.
0:43 of 2nd period - Brendan Gallagher is hit by Tyler Haskins and loses puck.
1:06 of 2nd period - Nate Schmidt is hit by Michael Chaput and loses puck.
1:46 of 2nd period - Slapshot by Joe Callahan.
1:46 of 2nd period - Stopped by Mike McKenna with a rebound.
1:48 of 2nd period - Slapshot by Joe Callahan.
1:48 of 2nd period - Shot Blocked by Mat Clark.
1:50 of 2nd period - Snap shot by Joe Callahan.
1:50 of 2nd period - Shot Misses the Net.
2:36 of 2nd period - Wrist shot by Petr Vrana.
2:36 of 2nd period - Stopped by Mike McKenna with a rebound.
2:54 of 2nd period - Wrist shot by Jeremy Williams.
2:54 of 2nd period - Shot Blocked by Brayden McNabb.
2:56 of 2nd period - Slapshot by Nate Schmidt.
2:56 of 2nd period - Stopped by Anders Nilsson with a rebound.
3:53 of 2nd period - Snap shot by Petr Vrana.
3:53 of 2nd period - Shot Misses the Net.
4:22 of 2nd period - Sam Carrick is hit by Adam Pelech and loses puck.
4:41 of 2nd period - Minor Penalty to Adam Larsson for Hooking.
4:42 of 2nd period - Anton Gustafsson wins face-off versus Curtis Glencross in Ice Dragons zone.
4:51 of 2nd period - Wrist shot by Brendan Gallagher.
4:51 of 2nd period - Stopped by Anders Nilsson with a rebound.
4:53 of 2nd period - Slapshot by Brendan Gallagher.
4:53 of 2nd period - Deflect By Anton Gustafsson.
4:53 of 2nd period - Shot Misses the Net.
4:53 of 2nd period - Puck is out of play.
4:54 of 2nd period - Curtis Glencross wins face-off versus Anton Gustafsson in Ice Dragons zone.
5:01 of 2nd period - Snap shot by Troy Brouwer.
5:01 of 2nd period - Stopped by Mike McKenna with a rebound.
6:41 of 2nd period - Penalty to Adam Larsson is over, Adam Larsson is back on ice.
6:54 of 2nd period - Minor Penalty to Scott Laughton for High sticking.
6:55 of 2nd period - Steve Begin wins face-off versus Michael Chaput in Carnivores zone.
7:19 of 2nd period - Nate Schmidt is hit by Tyler Haskins and loses puck.
8:54 of 2nd period - Penalty to Scott Laughton is over, Scott Laughton is back on ice.
8:58 of 2nd period - Snap shot by Anton Gustafsson.
8:58 of 2nd period - Shot Blocked by Adam Larsson.
9:10 of 2nd period - Snap shot by Blake Geoffrion.
9:10 of 2nd period - Stopped by Anders Nilsson with a rebound.
9:38 of 2nd period - Snap shot by Blake Geoffrion.
9:38 of 2nd period - Stopped by Anders Nilsson with a rebound.
9:46 of 2nd period - Wrist shot by Blake Geoffrion.
9:46 of 2nd period - Stopped by Anders Nilsson without a rebound.
9:47 of 2nd period - Zack Smith wins face-off versus Theodor Blueger in Ice Dragons zone.
9:54 of 2nd period - Snap shot by Zack Smith.
9:54 of 2nd period - Stopped by Anders Nilsson without a rebound.
9:55 of 2nd period - Zack Smith wins face-off versus Theodor Blueger in Ice Dragons zone.
9:58 of 2nd period - Snap shot by Jeremy Welsh.
9:58 of 2nd period - Shot Misses the Net.
10:00 of 2nd period - Wrist shot by Jeremy Welsh.
10:00 of 2nd period - Shot Misses the Net.
10:02 of 2nd period - Snap shot by Jeremy Welsh.
10:02 of 2nd period - Shot Misses the Net.
10:04 of 2nd period - Wrist shot by Jeremy Welsh.
10:04 of 2nd period - Goal by Jeremy Welsh - Carnivores : 3 - Ice Dragons : 1.
10:05 of 2nd period - Tyler Haskins wins face-off versus Anton Gustafsson in neutral zone.
10:07 of 2nd period - Minor Penalty to Justin Faulk for Hooking.
10:08 of 2nd period - Anton Gustafsson wins face-off versus Curtis Glencross in Ice Dragons zone.
10:08 of 2nd period - Backhand shot by Steve Begin.
10:08 of 2nd period - Deflect By Anton Gustafsson.
10:08 of 2nd period - Shot Misses the Net.
10:08 of 2nd period - Puck is out of play.
10:09 of 2nd period - Curtis Glencross wins face-off versus Anton Gustafsson in Ice Dragons zone.
10:56 of 2nd period - Wrist shot by Petr Vrana.
10:56 of 2nd period - Stopped by Mike McKenna with a rebound.
11:25 of 2nd period - Brandon Kozun is hit by Blake Geoffrion and loses puck.
12:07 of 2nd period - Penalty to Justin Faulk is over, Justin Faulk is back on ice.
12:33 of 2nd period - Minor Penalty to Tomas Kudelka for Hooking.
12:34 of 2nd period - Curtis Glencross wins face-off versus Anton Gustafsson in Ice Dragons zone.
14:14 of 2nd period - Nikita Alexeev is hit by Brendon Nash and loses puck.
14:27 of 2nd period - Nate Schmidt is hit by Joe Callahan and loses puck.
14:33 of 2nd period - Penalty to Tomas Kudelka is over, Tomas Kudelka is back on ice.
15:30 of 2nd period - Samuel Groulx is hit by Markus Granlund and loses puck.
15:58 of 2nd period - Off-side.
15:59 of 2nd period - Tyler Haskins wins face-off versus Markus Granlund in neutral zone.
16:49 of 2nd period - Penalty Shot by Anton Gustafsson for Carnivores.
16:49 of 2nd period - Deke by Anton Gustafsson.
16:49 of 2nd period - Stopped by Anders Nilsson.
16:50 of 2nd period - Tyler Haskins wins face-off versus Anton Gustafsson in Carnivores zone.
17:10 of 2nd period - Steve Begin is hit by Troy Brouwer and loses puck.
17:19 of 2nd period - Justin Faulk is hit by Josh Manson and loses puck.
17:42 of 2nd period - Wrist shot by Steve Begin.
17:42 of 2nd period - Shot Misses the Net.
17:44 of 2nd period - Slapshot by Anton Gustafsson.
17:44 of 2nd period - Stopped by Anders Nilsson with a rebound.
17:46 of 2nd period - Slapshot by Brendan Gallagher.
17:46 of 2nd period - Stopped by Anders Nilsson with a rebound.
18:06 of 2nd period - Snap shot by Brendan Gallagher.
18:06 of 2nd period - Shot Hit the Post.
18:08 of 2nd period - Slapshot by Mat Clark.
18:08 of 2nd period - Shot Misses the Net.
18:10 of 2nd period - Wrist shot by Anton Gustafsson.
18:10 of 2nd period - Stopped by Anders Nilsson without a rebound.
18:11 of 2nd period - Michael Chaput wins face-off versus Markus Granlund in Ice Dragons zone.
18:24 of 2nd period - Wrist shot by Michael Chaput.
18:24 of 2nd period - Shot Misses the Net.
Goals for this period are 2 for Carnivores vs 0 for Ice Dragons.
Shots for this period are 11 for Carnivores vs 4 for Ice Dragons.
3rd period
0:01 of 3rd period - Anton Gustafsson wins face-off versus Tyler Haskins in neutral zone.
0:12 of 3rd period - Snap shot by Anton Gustafsson.
0:12 of 3rd period - Goal by Anton Gustafsson - Carnivores : 4 - Ice Dragons : 1.
0:13 of 3rd period - Tyler Haskins wins face-off versus Brendan Gallagher in neutral zone.
0:23 of 3rd period - Snap shot by Troy Brouwer.
0:23 of 3rd period - Shot Misses the Net.
0:25 of 3rd period - Slapshot by Adam Larsson.
0:25 of 3rd period - Deflect By Troy Brouwer.
0:25 of 3rd period - Stopped by Mike McKenna without a rebound.
0:26 of 3rd period - Curtis Glencross wins face-off versus Anton Gustafsson in Carnivores zone.
1:18 of 3rd period - Snap shot by Brandon Kozun.
1:18 of 3rd period - Stopped by Mike McKenna with a rebound.
2:00 of 3rd period - Snap shot by Troy Brouwer.
2:00 of 3rd period - Goal by Troy Brouwer - Carnivores : 4 - Ice Dragons : 2.
2:01 of 3rd period - Anton Gustafsson wins face-off versus Tyler Haskins in neutral zone.
2:06 of 3rd period - Wrist shot by Steve Begin.
2:06 of 3rd period - Stopped by Anders Nilsson without a rebound.
2:07 of 3rd period - Anton Gustafsson wins face-off versus Tyler Haskins in Ice Dragons zone.
2:08 of 3rd period - Wrist shot by Steve Begin.
2:08 of 3rd period - Stopped by Anders Nilsson without a rebound.
2:09 of 3rd period - Anton Gustafsson wins face-off versus Tyler Haskins in Ice Dragons zone.
2:36 of 3rd period - Snap shot by Petr Vrana.
2:36 of 3rd period - Stopped by Mike McKenna with a rebound.
3:06 of 3rd period - Mat Clark is hit by Justin Faulk.
3:19 of 3rd period - Slapshot by Adam Larsson.
3:19 of 3rd period - Stopped by Mike McKenna without a rebound.
3:20 of 3rd period - Scott Laughton wins face-off versus Tyler Haskins in Carnivores zone.
3:29 of 3rd period - Snap shot by Colton Orr.
3:29 of 3rd period - Stopped by Anders Nilsson without a rebound.
3:30 of 3rd period - Steve Begin wins face-off versus Tyler Haskins in Ice Dragons zone.
4:13 of 3rd period - Adam Larsson is hit by Nate Schmidt and loses puck.
4:56 of 3rd period - Steve Begin is hit by Troy Brouwer.
5:06 of 3rd period - Snap shot by Brendan Gallagher.
5:06 of 3rd period - Stopped by Anders Nilsson without a rebound.
5:07 of 3rd period - Markus Granlund wins face-off versus Michael Chaput in Ice Dragons zone.
5:08 of 3rd period - Wrist shot by Blake Geoffrion.
5:08 of 3rd period - Shot Blocked by Brayden McNabb.
5:18 of 3rd period - Nikita Alexeev is hit by Kevin Connauton and loses puck.
5:42 of 3rd period - Snap shot by Troy Brouwer.
5:42 of 3rd period - Goal by Troy Brouwer - Carnivores : 4 - Ice Dragons : 3.
5:43 of 3rd period - Tyler Haskins wins face-off versus Anton Gustafsson in neutral zone.
6:09 of 3rd period - Markus Granlund is hit by Petr Vrana and loses puck.
6:34 of 3rd period - Snap shot by Brendon Nash.
6:34 of 3rd period - Shot Misses the Net.
6:36 of 3rd period - Snap shot by Justin Shugg.
6:36 of 3rd period - Shot Misses the Net.
6:38 of 3rd period - Snap shot by Theodor Blueger.
6:38 of 3rd period - Deflect By Michael Ferland.
6:38 of 3rd period - Stopped by Mike McKenna without a rebound.
6:39 of 3rd period - Curtis Glencross wins face-off versus Anton Gustafsson in Carnivores zone.
6:53 of 3rd period - Backhand shot by Brendan Gallagher.
6:53 of 3rd period - Shot Blocked by Kevin Connauton.
6:55 of 3rd period - Slapshot by Sasha Pokulok.
6:55 of 3rd period - Stopped by Anders Nilsson without a rebound.
6:56 of 3rd period - Zack Smith wins face-off versus Michael Chaput in Ice Dragons zone.
7:03 of 3rd period - Wrist shot by Jeremy Williams.
7:03 of 3rd period - Shot Misses the Net.
7:14 of 3rd period - Icing by Mat Clark.
7:15 of 3rd period - Jeremy Welsh wins face-off versus Tyler Haskins in Carnivores zone.
7:17 of 3rd period - Curtis Glencross beats up Jeremy Williams.
7:17 of 3rd period - Penalty to Curtis Glencross for Fighting.
7:17 of 3rd period - Penalty to Jeremy Williams for Fighting.
7:18 of 3rd period - Anton Gustafsson wins face-off versus Tyler Haskins in Carnivores zone.
7:27 of 3rd period - Tyler Haskins is hit by Brendan Gallagher.
7:45 of 3rd period - Michael Chaput is hit by Markus Granlund.
8:04 of 3rd period - Wrist shot by Zack Smith.
8:04 of 3rd period - Stopped by Anders Nilsson with a rebound.
8:06 of 3rd period - Wrist shot by Zack Smith.
8:06 of 3rd period - Shot Blocked by Sam Carrick.
8:08 of 3rd period - Slapshot by Zack Smith.
8:08 of 3rd period - Deflect By Scott Laughton.
8:08 of 3rd period - Stopped by Anders Nilsson with a rebound.
8:26 of 3rd period - Snap shot by Colton Orr.
8:26 of 3rd period - Stopped by Anders Nilsson without a rebound.
8:27 of 3rd period - Tyler Haskins wins face-off versus Scott Laughton in Ice Dragons zone.
8:27 of 3rd period - Tyler Haskins is hit by Sasha Pokulok.
8:37 of 3rd period - Slapshot by Nicolas Kerdiles.
8:37 of 3rd period - Deflect By Colton Orr.
8:37 of 3rd period - Stopped by Anders Nilsson without a rebound.
8:38 of 3rd period - Anton Gustafsson wins face-off versus Tyler Haskins in Ice Dragons zone.
8:48 of 3rd period - Minor Penalty to Brendan Gallagher for Hooking.
8:49 of 3rd period - Tyler Haskins wins face-off versus Steve Begin in Carnivores zone.
8:59 of 3rd period - Slapshot by Brendon Nash.
8:59 of 3rd period - Stopped by Mike McKenna with a rebound.
9:01 of 3rd period - Slapshot by Brendon Nash.
9:01 of 3rd period - Shot Blocked by Nate Schmidt.
9:03 of 3rd period - Slapshot by Brendon Nash.
9:03 of 3rd period - Shot Misses the Net.
9:05 of 3rd period - Slapshot by Brendon Nash.
9:05 of 3rd period - Shot Misses the Net.
9:38 of 3rd period - Wrist shot by Blake Geoffrion.
9:38 of 3rd period - Stopped by Anders Nilsson with a rebound.
10:22 of 3rd period - Scott Laughton is hit by Justin Faulk and loses puck.
10:48 of 3rd period - Penalty to Brendan Gallagher is over, Brendan Gallagher is back on ice.
11:05 of 3rd period - Slapshot by Kevin Connauton.
11:05 of 3rd period - Shot Misses the Net.
11:07 of 3rd period - Wrist shot by Brayden McNabb.
11:07 of 3rd period - Shot Blocked by Steve Begin.
11:09 of 3rd period - Slapshot by Brayden McNabb.
11:09 of 3rd period - Shot Blocked by Mat Clark.
11:23 of 3rd period - Snap shot by Colton Orr.
11:23 of 3rd period - Stopped by Anders Nilsson with a rebound.
11:25 of 3rd period - Snap shot by Zack Smith.
11:25 of 3rd period - Stopped by Anders Nilsson without a rebound.
11:26 of 3rd period - Zack Smith wins face-off versus Theodor Blueger in Ice Dragons zone.
11:51 of 3rd period - Snap shot by Tyler Haskins.
11:51 of 3rd period - Shot Misses the Net.
11:57 of 3rd period - Nikita Alexeev is hit by Samuel Groulx and loses puck.
12:12 of 3rd period - Nate Schmidt is hit by Ryan Reaves and loses puck.
13:57 of 3rd period - Wrist shot by Steve Begin.
13:57 of 3rd period - Stopped by Anders Nilsson with a rebound.
14:29 of 3rd period - Backhand shot by Brandon Kozun.
14:29 of 3rd period - Deflect By Sam Carrick.
14:29 of 3rd period - Shot Misses the Net.
14:29 of 3rd period - Puck is out of play.
14:30 of 3rd period - Markus Granlund wins face-off versus Tyler Haskins in Carnivores zone.
14:41 of 3rd period - Snap shot by Blake Geoffrion.
14:41 of 3rd period - Deflect By Nikita Alexeev.
14:41 of 3rd period - Shot Misses the Net.
14:41 of 3rd period - Puck is out of play.
14:42 of 3rd period - Markus Granlund wins face-off versus Tyler Haskins in Ice Dragons zone.
14:46 of 3rd period - Minor Penalty to Troy Brouwer for Slashing.
14:47 of 3rd period - Markus Granlund wins face-off versus Curtis Glencross in Ice Dragons zone.
14:53 of 3rd period - Wrist shot by Blake Geoffrion.
14:53 of 3rd period - Shot Misses the Net.
16:28 of 3rd period - Colton Orr is hit by Adam Larsson and loses puck.
16:46 of 3rd period - Penalty to Troy Brouwer is over, Troy Brouwer is back on ice.
17:56 of 3rd period - Michael Chaput is hit by Brendan Gallagher and loses puck.
18:13 of 3rd period - Jeremy Welsh is hit by Joe Callahan.
18:53 of 3rd period - Ice Dragons, Anders Nilsson is pulled from the net.
18:55 of 3rd period - Wrist shot by Curtis Glencross.
18:55 of 3rd period - Stopped by Mike McKenna without a rebound.
18:56 of 3rd period - Darryl Sutter call a timeout for Ice Dragons.
18:56 of 3rd period - Anton Gustafsson wins face-off versus Curtis Glencross in Carnivores zone.
19:27 of 3rd period - Off-side.
19:28 of 3rd period - Anton Gustafsson wins face-off versus Tyler Haskins in neutral zone.
Goals for this period are 1 for Carnivores vs 2 for Ice Dragons.
Shots for this period are 14 for Carnivores vs 9 for Ice Dragons.
Back to the Top